TOP OF THE 1ST |
Vista Panthers batting - Pitching for So Cal Bruins : RHP Orlando Trinidad
|
Pitching: RHP Orlando Trinidad
|
|
Batting: RHB Johnny Williams
|
0-0: Ball 1-0: Ball 2-0: Foul Ball, location: 2F 2-1: Swinging Strike 2-2: Foul Ball, location: 2F 2-2: Ball 3-2: Foul Ball, location: 2F 3-2: Base on Balls
|
Batting: LHB Clyde Yarbrough
|
0-0: Swinging Strike 0-1: Ball 1-1: SINGLE (Groundball, 4S) (infield hit) Johnny Williams to second
|
Batting: RHB Jake Reeves
|
0-0: Ball 1-0: Foul Ball, location: 2F 1-1: Called Strike 1-2: Foul Ball, location: 2F 1-2: Foul Ball, location: 2F 1-2: Foul Ball, location: 2F 1-2: SINGLE (Groundball, 56D) Johnny Williams to third Clyde Yarbrough to second
|
Batting: LHB Dante Owens
|
0-0: Ball 1-0: Called Strike 1-1: Ball 2-1: Ball 3-1: Base on Balls Johnny Williams scores Clyde Yarbrough to third Jake Reeves to second
|
Batting: RHB Stephen Wilson
|
0-0: Called Strike 0-1: Ball 1-1: Swinging Strike 1-2: Ball 2-2: Foul Ball, location: 2F 2-2: Strikes out swinging
|
Batting: RHB Cisco Gatán
|
0-0: Ball 1-0: Foul Ball, location: 2F 1-1: Foul Ball, location: 2F 1-2: Ball 2-2: Strikes out swinging
|
Batting: RHB Justin Burgess
|
0-0: Ball 1-0: Swinging Strike 1-1: GRAND SLAM HOME RUN (Flyball, 7D), Distance : 355 ft
|
Batting: RHB Luis Ríos
|
0-0: Called Strike 0-1: Foul Ball, location: 2F 0-2: Foul Ball, location: 2F 0-2: Strikes out looking
|
Top of the 1st over - 5 runs, 3 hits, 0 errors, 0 left on base; Vista 5 - So Cal 0 |
BOTTOM OF THE 1ST |
So Cal Bruins batting - Pitching for Vista Panthers : RHP José Salinas
|
Pitching: RHP José Salinas
|
|
Batting: LHB Brent Alonzo
|
0-0: Ball 1-0: Ground out 4-3 (Groundball, 4)
|
Batting: SHB Martín De Jesús
|
0-0: Called Strike 0-1: Foul Ball, location: 2F 0-2: Ball 1-2: Strikes out swinging
|
Batting: LHB José Antonio Santiago
|
0-0: Ball 1-0: Swinging Strike 1-1: Called Strike 1-2: Fly out, F9 (Flyball, 9)
|
Bottom of the 1st over - 0 runs, 0 hits, 0 errors, 0 left on base; Vista 5 - So Cal 0 |
TOP OF THE 2ND |
Vista Panthers batting - Pitching for So Cal Bruins : RHP Orlando Trinidad
|
Batting: LHB Francisco Medina
|
0-0: Ball 1-0: Ball 2-0: Called Strike 2-1: Ball 3-1: Base on Balls
|
Batting: RHB Johnny Williams
|
0-0: Ball 1-0: Foul Ball, location: 2F 1-1: Called Strike 1-2: Ball 2-2: Foul Ball, location: 2F 2-2: Strikes out swinging
|
Batting: LHB Clyde Yarbrough
|
0-0: Called Strike 0-1: Called Strike Francisco Medina steals 2nd base 0-2: Strikes out looking
|
Batting: RHB Jake Reeves
|
0-0: Ball 1-0: Called Strike 1-1: Ball 2-1: Fly out, F6 (Line Drive, 6)
|
Top of the 2nd over - 0 runs, 0 hits, 0 errors, 1 left on base; Vista 5 - So Cal 0 |
BOTTOM OF THE 2ND |
So Cal Bruins batting - Pitching for Vista Panthers : RHP José Salinas
|
Batting: RHB Earl Wiggins
|
0-0: Ball 1-0: Fly out, F3 (Popup, 3SF)
|
Batting: RHB Rubén Calderón
|
0-0: Ground out 6-3 (Groundball, 6)
|
Batting: LHB Bob Ware
|
0-0: Called Strike 0-1: SOLO HOME RUN (Flyball, 9LD), Distance : 339 ft
|
Batting: LHB Morgan Wright
|
0-0: Ball 1-0: Foul Ball, location: 2F 1-1: Called Strike 1-2: SINGLE (Groundball, 4MD)
|
Batting: LHB Jeff Carter
|
0-0: Ball 1-0: Ball 2-0: Ball 3-0: Called Strike 3-1: Foul Ball, location: 2F 3-2: Foul Ball, location: 2F 3-2: Strikes out swinging
|
Bottom of the 2nd over - 1 run, 2 hits, 0 errors, 1 left on base; Vista 5 - So Cal 1 |
TOP OF THE 3RD |
Vista Panthers batting - Pitching for So Cal Bruins : RHP Orlando Trinidad
|
Batting: LHB Dante Owens
|
0-0: Ball 1-0: Foul Ball, location: 2F 1-1: Called Strike 1-2: Ball 2-2: Ball 3-2: Base on Balls
|
Batting: RHB Stephen Wilson
|
0-0: Called Strike 0-1: Ball 1-1: Fly out, F6 (Popup, 6M)
|
Batting: RHB Cisco Gatán
|
0-0: Ball 1-0: Ball 2-0: Ball 3-0: Base on Balls Dante Owens to second
|
Batting: RHB Justin Burgess
|
0-0: Ball 1-0: SINGLE (Flyball, 3D) Dante Owens to third Cisco Gatán to second Runner from 3rd tries for Home, SAFE, throw made home
|
Batting: RHB Luis Ríos
|
0-0: Ball 1-0: Called Strike 1-1: Called Strike 1-2: Ground out 5-3 (Groundball, 56S) Cisco Gatán to third Justin Burgess to second
|
Batting: LHB Francisco Medina
|
0-0: Ground out 4-3 (Groundball, 4)
|
Top of the 3rd over - 1 run, 1 hit, 0 errors, 2 left on base; Vista 6 - So Cal 1 |
BOTTOM OF THE 3RD |
So Cal Bruins batting - Pitching for Vista Panthers : RHP José Salinas
|
Batting: RHB Greg King
|
0-0: Ball 1-0: Swinging Strike 1-1: Ground out 6-3 (Groundball, 6)
|
Batting: LHB Brent Alonzo
|
0-0: Called Strike 0-1: Swinging Strike 0-2: Ground out U3 (Groundball, 34)
|
Batting: SHB Martín De Jesús
|
0-0: Ball 1-0: Called Strike 1-1: Foul Ball, location: 2F 1-2: Ground out 4-3 (Groundball, 4S)
|
Bottom of the 3rd over - 0 runs, 0 hits, 0 errors, 0 left on base; Vista 6 - So Cal 1 |
TOP OF THE 4TH |
Vista Panthers batting - Pitching for So Cal Bruins : RHP Orlando Trinidad
|
Batting: RHB Johnny Williams
|
0-0: Swinging Strike 0-1: Ball 1-1: Foul Ball, location: 2F 1-2: Foul Ball, location: 2F 1-2: Foul Ball, location: 2F 1-2: Strikes out swinging
|
Batting: LHB Clyde Yarbrough
|
0-0: Ball 1-0: Ball 2-0: Fly out, F6 (Line Drive, 6)
|
Batting: RHB Jake Reeves
|
0-0: Called Strike 0-1: Fly out, F7 (Flyball, 7LS)
|
Top of the 4th over - 0 runs, 0 hits, 0 errors, 0 left on base; Vista 6 - So Cal 1 |
BOTTOM OF THE 4TH |
So Cal Bruins batting - Pitching for Vista Panthers : RHP José Salinas
|
Batting: LHB José Antonio Santiago
|
0-0: Swinging Strike 0-1: Ball 1-1: Ball 2-1: Foul Ball, location: 2F 2-2: SOLO HOME RUN (Flyball, 9D), Distance : 364 ft
|
Batting: RHB Earl Wiggins
|
0-0: Ball 1-0: Foul Ball, location: 2F 1-1: Called Strike 1-2: Ball 2-2: Fly out, F7 (Flyball, 78S)
|
Batting: RHB Rubén Calderón
|
0-0: Called Strike 0-1: Foul Ball, location: 2F 0-2: Ball 1-2: Strikes out looking
|
Batting: LHB Bob Ware
|
0-0: Called Strike 0-1: Ball 1-1: Called Strike 1-2: Foul Ball, location: 2F 1-2: Foul Ball, location: 2F 1-2: Strikes out swinging
|
Bottom of the 4th over - 1 run, 1 hit, 0 errors, 0 left on base; Vista 6 - So Cal 2 |
TOP OF THE 5TH |
Vista Panthers batting - Pitching for So Cal Bruins : RHP Orlando Trinidad
|
Batting: LHB Dante Owens
|
0-0: Ground out 6-3 (Groundball, 6MS)
|
Batting: RHB Stephen Wilson
|
0-0: Ball 1-0: Ball 2-0: Ball 3-0: Base on Balls
|
Batting: RHB Cisco Gatán
|
0-0: Ball 1-0: Foul Ball, location: 2F 1-1: SINGLE (Flyball, 89S) Stephen Wilson to second
|
Batting: RHB Justin Burgess
|
0-0: Foul Ball, location: 2F 0-1: Ball 1-1: Foul Ball, location: 2F 1-2: Foul Ball, location: 2F 1-2: Foul Ball, location: 2F 1-2: Strikes out swinging
|
Batting: RHB Luis Ríos
|
0-0: Ball 1-0: Swinging Strike 1-1: Called Strike 1-2: Ball 2-2: Strikes out swinging
|
Top of the 5th over - 0 runs, 1 hit, 0 errors, 2 left on base; Vista 6 - So Cal 2 |
BOTTOM OF THE 5TH |
So Cal Bruins batting - Pitching for Vista Panthers : RHP José Salinas
|
Batting: LHB Morgan Wright
|
0-0: SINGLE (Groundball, 34D)
|
Batting: LHB Jeff Carter
|
0-0: Ball 1-0: Foul Ball, location: 2F 1-1: Called Strike 1-2: Foul Ball, location: 2F 1-2: Ball 2-2: Ball 3-2: Foul Ball, location: 2F 3-2: Base on Balls Morgan Wright to second
|
Batting: RHB Greg King
|
0-0: Ball 1-0: Foul Ball, location: 2F 1-1: Ball 2-1: Ball 3-1: Foul Ball, location: 2F 3-2: Grounds into double play, 6-4-3 (Groundball, 6) Morgan Wright to third
|
Batting: LHB Brent Alonzo
|
0-0: Ground out 4-3 (Groundball, 4)
|
Bottom of the 5th over - 0 runs, 1 hit, 0 errors, 1 left on base; Vista 6 - So Cal 2 |
TOP OF THE 6TH |
Vista Panthers batting - Pitching for So Cal Bruins : RHP Orlando Trinidad
|
Pitching: RHP Flint Gray
|
|
Batting: LHB Francisco Medina
|
0-0: Foul Ball, location: 2F 0-1: Ball 1-1: Foul Ball, location: 2F 1-2: Foul Ball, location: 2F 1-2: Ball 2-2: Ball 3-2: Foul Ball, location: 2F 3-2: Base on Balls
|
Batting: RHB Johnny Williams
|
0-0: Called Strike 0-1: Foul Ball, location: 2F 0-2: Foul Ball, location: 2F 0-2: DOUBLE (Line Drive, 9LS) Francisco Medina to third Runner from 3rd tries for Home, SAFE, no throw
|
Batting: LHB Clyde Yarbrough
|
0-0: Called Strike 0-1: Ball 1-1: Fly out, F8 (Line Drive, 8RXD) Runner from 2nd tags up, SAFE at 3rd, no throw
|
Batting: RHB Jake Reeves
|
0-0: Called Strike 0-1: Fly out, F5 (Line Drive, 5)
|
Batting: LHB Dante Owens
|
0-0: Called Strike 0-1: Ball 1-1: Fly out, F6 (Popup, 6)
|
Top of the 6th over - 1 run, 1 hit, 0 errors, 1 left on base; Vista 7 - So Cal 2 |
BOTTOM OF THE 6TH |
So Cal Bruins batting - Pitching for Vista Panthers : RHP José Salinas
|
Batting: SHB Martín De Jesús
|
0-0: Foul Ball, location: 2F 0-1: Ball 1-1: Ball 2-1: Ball 3-1: Foul Ball, location: 2F 3-2: Base on Balls
|
Batting: LHB José Antonio Santiago
|
0-0: Ball Wild Pitch! Martín De Jesús to second 1-0: Ball 2-0: Called Strike 2-1: Called Strike 2-2: Ball 3-2: Foul Ball, location: 2F 3-2: DOUBLE (Line Drive, 9LM) Martín De Jesús scores
|
Batting: RHB Earl Wiggins
|
0-0: Foul Ball, location: 2F 0-1: Called Strike 0-2: Ball 1-2: Ball 2-2: Ball 3-2: Foul Ball, location: 2F 3-2: Foul Ball, location: 2F 3-2: DOUBLE (Line Drive, 89XD) José Antonio Santiago scores
|
Pitching: RHP John Hall
|
|
Batting: RHB Rubén Calderón
|
0-0: Ball 1-0: Called Strike 1-1: Ball 2-1: Swinging Strike 2-2: Foul Ball, location: 2F 2-2: Foul Ball, location: 2F 2-2: Strikes out swinging
|
Batting: LHB Bob Ware
|
0-0: Swinging Strike 0-1: Ball 1-1: Ball 2-1: Ground out 6-3 (Groundball, 6M) Earl Wiggins to third
|
Batting: LHB Morgan Wright
|
0-0: Called Strike 0-1: Ball 1-1: Ball 2-1: Ball 3-1: Foul Ball, location: 2F 3-2: Base on Balls
|
Batting: LHB Jeff Carter
|
0-0: Called Strike 0-1: Swinging Strike 0-2: Ball 1-2: Strikes out swinging
|
Bottom of the 6th over - 2 runs, 2 hits, 0 errors, 2 left on base; Vista 7 - So Cal 4 |
TOP OF THE 7TH |
Vista Panthers batting - Pitching for So Cal Bruins : RHP Flint Gray
|
Pitching: RHP Marty Burgess
|
|
Batting: RHB Stephen Wilson
|
0-0: Swinging Strike 0-1: Swinging Strike 0-2: Strikes out swinging
|
Batting: RHB Cisco Gatán
|
0-0: Ball 1-0: Called Strike 1-1: Ball 2-1: Called Strike 2-2: Strikes out swinging
|
Batting: RHB Justin Burgess
|
0-0: Foul Ball, location: 2F 0-1: Foul Ball, location: 2F 0-2: SINGLE (Line Drive, 9LM)
|
Batting: RHB Luis Ríos
|
0-0: Called Strike 0-1: Swinging Strike 0-2: Strikes out swinging
|
Top of the 7th over - 0 runs, 1 hit, 0 errors, 1 left on base; Vista 7 - So Cal 4 |
BOTTOM OF THE 7TH |
So Cal Bruins batting - Pitching for Vista Panthers : RHP John Hall
|
Batting: RHB Greg King
|
0-0: Ball 1-0: Ball 2-0: Ball 3-0: Called Strike 3-1: Base on Balls
|
Pitching: LHP António Martínez
|
|
Batting: LHB Brent Alonzo
|
0-0: Ball 1-0: Ball 2-0: SINGLE (Groundball, 2L) (infield hit) Greg King to second
|
Batting: SHB Martín De Jesús
|
0-0: Called Strike 0-1: Fly out, F7 (Flyball, 78S)
|
Batting: LHB José Antonio Santiago
|
0-0: Called Strike Greg King steals 3rd base Brent Alonzo to second 0-1: 3-RUN HOME RUN (Flyball, 9D), Distance : 352 ft
|
Pitching: RHP José Betancourt
|
|
Batting: RHB Earl Wiggins
|
0-0: Called Strike 0-1: SINGLE (Groundball, 6MD)
|
Batting: RHB Rubén Calderón
|
0-0: Ball 1-0: Called Strike 1-1: Grounds into double play, 4-6-3 (Groundball, 4)
|
Bottom of the 7th over - 3 runs, 3 hits, 0 errors, 0 left on base; Vista 7 - So Cal 7 |
TOP OF THE 8TH |
Vista Panthers batting - Pitching for So Cal Bruins : RHP Marty Burgess
|
Batting: LHB Francisco Medina
|
0-0: Ball 1-0: Ball 2-0: Ball 3-0: Base on Balls
|
Batting: RHB Johnny Williams
|
0-0: Ball 1-0: Swinging Strike 1-1: Ball 2-1: Called Strike 2-2: Ball 3-2: Fly out, F9 (Flyball, 9D)
|
Batting: LHB Clyde Yarbrough
|
0-0: Ball 1-0: Ball 2-0: Ball 3-0: Base on Balls Francisco Medina to second
|
Batting: RHB Jake Reeves
|
0-0: Ball 1-0: Ball 2-0: Ball 3-0: Called Strike 3-1: SINGLE (Line Drive, 56) Francisco Medina to third Clyde Yarbrough to second Runner from 3rd tries for Home, SAFE, no throw
|
Batting: LHB Dante Owens
|
0-0: Grounds into double play, 4-6-3 (Groundball, 4)
|
Top of the 8th over - 1 run, 1 hit, 0 errors, 1 left on base; Vista 8 - So Cal 7 |
BOTTOM OF THE 8TH |
So Cal Bruins batting - Pitching for Vista Panthers : RHP José Betancourt
|
Pitching: RHP David Simpson
|
|
Batting: LHB Bob Ware
|
0-0: Ball 1-0: Foul Ball, location: 2F 1-1: Fly out, F9 (Flyball, 9LMF)
|
Batting: LHB Morgan Wright
|
0-0: Called Strike 0-1: Ball 1-1: Called Strike 1-2: Strikes out swinging, 2-3 out at first.
|
Batting: LHB Jeff Carter
|
0-0: Called Strike 0-1: Ball 1-1: Fly out, F9 (Flyball, 89D)
|
Bottom of the 8th over - 0 runs, 0 hits, 0 errors, 0 left on base; Vista 8 - So Cal 7 |
TOP OF THE 9TH |
Vista Panthers batting - Pitching for So Cal Bruins : RHP Marty Burgess
|
Batting: RHB Stephen Wilson
|
0-0: Ball 1-0: Ball 2-0: Ball 3-0: Called Strike 3-1: DOUBLE (Line Drive, 7D)
|
Pitching: RHP César Menéndez
|
|
Batting: RHB Cisco Gatán
|
0-0: Called Strike 0-1: Fly out, F8 (Flyball, 8LM)
|
Batting: RHB Justin Burgess
|
0-0: Ball 1-0: Called Strike 1-1: Foul Ball, location: 2F 1-2: Ball 2-2: Fly out, F3 (Popup, 3SF)
|
Batting: RHB Luis Ríos
|
0-0: Called Strike 0-1: Ball 1-1: Called Strike 1-2: Strikes out swinging
|
Top of the 9th over - 0 runs, 1 hit, 0 errors, 1 left on base; Vista 8 - So Cal 7 |
BOTTOM OF THE 9TH |
So Cal Bruins batting - Pitching for Vista Panthers : RHP David Simpson
|
Batting: RHB Greg King
|
0-0: Ball 1-0: Fly out, F4 (Popup, 4)
|
Batting: LHB Brent Alonzo
|
0-0: Ball 1-0: Ball 2-0: Ball 3-0: Base on Balls
|
Batting: SHB Martín De Jesús
|
0-0: Foul Ball, location: 2F 0-1: SINGLE (Flyball, 8RS) Brent Alonzo to second
|
Batting: LHB José Antonio Santiago
|
0-0: Ball 1-0: Ball 2-0: Called Strike 2-1: Ball 3-1: Base on Balls Brent Alonzo to third Martín De Jesús to second
|
Batting: RHB Earl Wiggins
|
0-0: Ball 1-0: Called Strike 1-1: GRAND SLAM HOME RUN (Line Drive, 7LD), Distance : 480 ft
|
Saturday, April 7th, 2018 - OOTP Baseball 18.8 Build 76
|
|